 Dungeon Crawl Stone Soup version 0.31-a0-986-g5e6e4ef867 (webtiles) character file.

Game seed: 5124895583663761582

4848 lessens the Nimble (level 10, -1/79 HPs)
             Began as a Gnoll Gladiator on Nov 7, 2023.
             Was an Initiate of Nemelex Xobeh.
             Slain by a six-headed hydra (5 damage)
             ... on level 7 of the Dungeon.
             The game lasted 00:10:03 (8085 turns).

lessens the Nimble (Gnoll Gladiator)                Turns: 8085, Time: 00:10:03

Health: -1/79      AC: 13    Str: 19 (20) XL:     10   Next: 49%
Magic:  0/18       EV: 20    Int:  9 (10) God:    Nemelex Xobeh [......]
Gold:   475        SH:  0    Dex: 12 (14) Spells: 19/19 levels left

rFire   . . .        p - +11 war axe of Cataclysm {holy, rN+ Int+2 Stlth+}
rCold   . . .        (no shield)
rNeg    + . .        E - +3 leather armour "Usmoc" {Str+3 SInv}
rPois   .            c - +0 helmet
rElec   .            Q - +0 cloak
rCorr   .            (no gloves)
SInv    +            (no boots)
Will    .....        N - amulet of guardian spirit
Stlth   ++++         M - +4 ring of protection
HPRegen 0.33/turn    D - +5 ring of evasion
MPRegen 0.16/turn

%: guardian spirit
@: slowed, very slow
A: fangs 1, strong nose, distributed training
a: Renounce Religion, Draw Escape, Draw Destruction, Draw Summoning


You were on level 7 of the Dungeon.
You worshipped Nemelex Xobeh.
Nemelex Xobeh was noncommittal.
You visited 2 branches of the dungeon, and saw 9 of its levels.
You also visited: Ossuary.

You collected 475 gold pieces.

Inventory:

Hand Weapons
 a - a +0 war axe
 p - the +11 war axe of Cataclysm (weapon) {holy, rN+ Int+2 Stlth+}
   (You found it on level 2 of the Dungeon)

   Int+2:     It affects your intelligence (+2).
   rN+:       It protects you from negative energy.
   Stlth+:    It makes you more stealthy.
Missiles
 d - 5 throwing nets
 e - a javelin
 g - 55 stones
 n - 4 atropa-tipped darts
 o - 14 poisoned darts
 F - 8 boomerangs (quivered)
 L - 2 darts of dispersal
 O - a curare-tipped dart
Armour
 b - a +0 leather armour
 c - a +0 helmet (worn)
 E - the +3 leather armour "Usmoc" (worn) {Str+3 SInv}
   (You found it on level 5 of the Dungeon)

   Str+3:     It affects your strength (+3).
   SInv:      It lets you see invisible.
 Q - a +0 cloak (worn)
Jewellery
 y - a ring of ice
 C - a ring of positive energy
 D - a +5 ring of evasion (right hand)
 M - a +4 ring of protection (left hand)
 N - an amulet of guardian spirit (around neck)
Wands
 t - a wand of mindburst (29)
 G - a wand of charming (3)
 I - a wand of digging (9)
 R - a wand of roots (6)
Scrolls
 f - a scroll of immolation {unknown}
 h - a scroll of torment {unknown}
 k - 9 scrolls of identify {unknown}
 s - 7 scrolls of teleportation {unknown}
 u - a scroll of noise {unknown}
 v - 2 scrolls of enchant armour {unknown}
 w - a scroll of fog {unknown}
 x - 3 scrolls of revelation {unknown}
 z - 2 scrolls of vulnerability {unknown}
 J - a scroll of poison {unknown}
 K - a scroll of fear {unknown}
Potions
 i - 3 potions of might
 j - 3 potions of heal wounds
 l - 7 potions of degeneration
 m - a potion of haste {unknown}
 q - 2 potions of curing
 r - 2 potions of brilliance {unknown}
 A - a potion of mutation {unknown}
 B - a potion of resistance {unknown}
 H - a potion of enlightenment {unknown}
 P - a potion of attraction {unknown}


   Skills:
 + Level 7.2 Fighting
 + Level 5.4 Short Blades
 + Level 5.4 Long Blades
 + Level 8.6 Axes
 + Level 5.4 Maces & Flails
 + Level 5.4 Polearms
 + Level 5.4 Staves
 + Level 5.4 Ranged Weapons
 + Level 7.2 Throwing
 + Level 5.4 Armour
 + Level 8.6 Dodging
 + Level 5.4 Stealth
 + Level 5.4 Shields
 + Level 5.4 Unarmed Combat
 + Level 5.4 Spellcasting
 + Level 4.5 Conjurations
 + Level 4.5 Hexes
 + Level 4.5 Summonings
 + Level 4.5 Necromancy
 + Level 4.5 Translocations
 + Level 4.5 Transmutations
 + Level 4.5 Fire Magic
 + Level 4.5 Ice Magic
 + Level 4.5 Air Magic
 + Level 4.5 Earth Magic
 + Level 4.5 Poison Magic
 + Level 6.0 Invocations
 + Level 5.4 Evocations
 + Level 4.9 Shapeshifting


You had 19 spell levels left.
You didn't know any spells.
Your spell library contained the following spells:

 Spells                   Type           Power      Damage    Failure   Level
 Gell's Gravitas          Tloc           10%        N/A       13%         3
 Ozocubu's Armour         Ice            10%        N/A       13%         3
 Teleport Other           Tloc           10%        N/A       13%         3
 Dispersal                Tloc           5%         N/A       100%        6
 Ozocubu's Refrigeration  Ice            5%         4d8       100%        7


Dungeon Overview and Level Annotations

Branches:
Dungeon (8/15) Zot: 25904  Temple (1/1) D:7 Zot: 5849 Ossuary (visited)
   Lair: D:8-11

Altars:
Ashenzari
Cheibriados
Dithmenos
Fedhas
Hepliaklqana
Kikubaaqudgha
Makhleb
Nemelex Xobeh
Okawaru
Qazlal
Ru
Sif Muna
Trog
Wu Jian
Xom
Yredelemnul
Zin
The Shining One

Shops:
D:8 =

Annotations:
D:8 Gastronok


Innate Abilities, Weirdness & Mutations

You have very sharp teeth.
Your uncanny sense of smell can sniff out nearby items.
Your experience applies equally to all skills.


Message History

The six-headed hydra completely misses you.
The six-headed hydra bites you but does no damage.
The six-headed hydra closely misses you.
You see here a howler monkey corpse.
You feel sick.
You feel sick.
The six-headed hydra attacks as it pursues you!
The six-headed hydra bites you but does no damage. x2
The six-headed hydra bites you.
The six-headed hydra bites you but does no damage.
The six-headed hydra closely misses you.
The six-headed hydra barely misses you.
There is a stone staircase leading up here.
You feel sick.
You are no longer poisoned.
The six-headed hydra closely misses you.
The six-headed hydra bites you!
* * * LOW HITPOINT WARNING * * *
The six-headed hydra misses you.
The six-headed hydra bites you but does no damage.
The six-headed hydra bites you!
* * * LOW HITPOINT WARNING * * *
The six-headed hydra bites you but does no damage. x2
The six-headed hydra completely misses you.
The six-headed hydra bites you!
* * * LOW HITPOINT WARNING * * *
The six-headed hydra misses you. The six-headed hydra bites you.
* * * LOW HITPOINT WARNING * * *
The six-headed hydra bites you but does no damage.
You climb upwards.
There is a stone staircase leading down here.
Okay, then.
Aiming: Charm
Press: ? - help, Shift-Dir - straight line, f - six-headed hydra
Aim: a six-headed hydra (chance to affect: 28%)
The six-headed hydra easily resists.
The six-headed hydra bites you but does no damage.
The six-headed hydra bites you!
You die...
Your body disappears without a glow.

.# #.# #..)....###.#####.# ##
#.##########.#.#.........#
#####............#.#.#.#######
......#########.)#.#.#)# #######
......+.......#..#.###.####.....#
..)...####....#........#..#.###.#
......# ##.####..#######..#.#...#
......# #........# #..#.#####
......# #..#####@#######)...#....
......# #......D.#..........#.###
####### #...######.######.#.#.#
#.).#### #..^.# #.#...#
#......######.# #.#######
#..###.##.....# #.#......
#....#.##.##..# #.#.####.
#....#.##.##..###.#.# #.
#########.#.......##......#.# #.


You could see a six-headed hydra.

Vanquished Creatures
  Maurice (D:8)
  Sigmund (D:4)
  2 humans (D:8)
  2 yaks (D:8)
  3 ice beasts
  2 sky beasts (D:7)
  A black bear (D:5)
  4 ogres
  3 centaurs
  3 phantoms
  2 kobold brigands (D:8)
  Blork the orc (D:4)
  2 bullfrogs
  A gnoll sergeant (D:6)
  8 scorpions
  6 howler monkeys
  4 crimson imps (D:7)
  2 centaur zombies (Ossuary)
  An orc priest (D:7)
  3 hounds
  A jelly (D:5)
  2 human zombies (Ossuary)
  2 gnoll boudas (D:7)
  2 sleepcaps
  2 iguanas
  3 orc wizards
  6 scorpion zombies (Ossuary)
  3 mummies (Ossuary)
  Robin (D:4)
  9 adders
  18 gnolls
  A shadow imp (D:5)
  A white imp (D:6)
  4 ufetubi (D:5)
  2 dart slugs
  10 orcs
  8 endoplasms
  2 giant cockroaches
  2 gnoll zombies (Ossuary)
  11 goblins
  11 hobgoblins
  5 quokkas
  5 ball pythons
  5 bats
  2 frilled lizards
  A goblin zombie (Ossuary)
  3 hobgoblin zombies (Ossuary)
  11 kobolds
  A kobold zombie (Ossuary)
  5 orc zombies (Ossuary)
  3 rats
194 creatures vanquished.

Vanquished Creatures (others)
  A hornet (D:8)
1 creature vanquished.

Grand Total: 195 creatures vanquished

Notes
Turn   | Place    | Note
-------+----------+-------------------------------------------
     0 | D:1      | lessens the Gnoll Gladiator began the quest for the Orb.
     0 | D:1      | Reached XP level 1. HP: 20/20 MP: 1/1
   164 | D:1      | Reached XP level 2. HP: 26/26 MP: 2/2
   805 | D:1      | Reached XP level 3. HP: 28/31 MP: 3/3
   980 | D:2      | Identified the +11 war axe of Cataclysm {holy, rN+ Int+2
                  | Stlth+}
  1053 | D:2      | Reached skill level 1 in Invocations
  1057 | D:2      | Reached skill level 1 in Short Blades
  1057 | D:2      | Reached skill level 1 in Long Blades
  1057 | D:2      | Reached skill level 1 in Maces & Flails
  1057 | D:2      | Reached skill level 1 in Polearms
  1057 | D:2      | Reached skill level 1 in Staves
  1057 | D:2      | Reached skill level 1 in Ranged Weapons
  1057 | D:2      | Reached skill level 1 in Armour
  1057 | D:2      | Reached skill level 1 in Stealth
  1057 | D:2      | Reached skill level 1 in Shields
  1057 | D:2      | Reached skill level 1 in Unarmed Combat
  1057 | D:2      | Reached skill level 1 in Spellcasting
  1057 | D:2      | Reached skill level 1 in Evocations
  1141 | D:2      | Reached skill level 1 in Shapeshifting
  1141 | D:2      | Reached XP level 4. HP: 35/38 MP: 5/5
  1696 | D:3      | Found a basalt altar of Yredelemnul.
  2007 | D:3      | Reached skill level 1 in Conjurations
  2007 | D:3      | Reached skill level 1 in Hexes
  2007 | D:3      | Reached skill level 1 in Summonings
  2007 | D:3      | Reached skill level 1 in Necromancy
  2007 | D:3      | Reached skill level 1 in Translocations
  2007 | D:3      | Reached skill level 1 in Transmutations
  2007 | D:3      | Reached skill level 1 in Fire Magic
  2007 | D:3      | Reached skill level 1 in Ice Magic
  2007 | D:3      | Reached skill level 1 in Air Magic
  2007 | D:3      | Reached skill level 1 in Earth Magic
  2007 | D:3      | Reached skill level 1 in Poison Magic
  2661 | D:4      | Reached XP level 5. HP: 37/43 MP: 5/7
  2734 | D:4      | Found a sand-covered staircase.
  2764 | D:4      | Noticed Sigmund
  2766 | D:4      | Found a hazy altar of Hepliaklqana.
  2767 | D:4      | Found a faded altar of an unknown god.
  2770 | D:4      | Killed Sigmund
  2771 | D:4      | Reached skill level 5 in Fighting
  2771 | D:4      | Reached skill level 5 in Throwing
  2771 | D:4      | Reached XP level 6. HP: 51/51 MP: 7/9
  2800 | Ossuary  | Entered an ossuary
  2861 | Ossuary  | Reached XP level 7. HP: 49/56 MP: 10/10
  3069 | Ossuary  | Reached XP level 8. HP: 33/63 MP: 12/12
  3342 | D:4      | Noticed Robin
  3348 | D:4      | Killed Robin
  3638 | D:4      | Noticed Blork the orc
  3646 | D:4      | Killed Blork the orc
  3900 | D:5      | Entered Level 5 of the Dungeon
  4040 | D:5      | Identified the +3 leather armour "Usmoc" {Str+3 SInv}
  4419 | D:5      | Reached XP level 9. HP: 69/69 MP: 14/14
  5400 | D:6      | Found an ornate altar of the Wu Jian Council.
  5409 | D:6      | Found a broken altar of Ashenzari.
  5411 | D:6      | Found a shadowy altar of Dithmenos.
  5412 | D:6      | Found a blossoming altar of Fedhas.
  5688 | D:7      | Identified the of Difuman
  6077 | D:7      | Identified the +10 falchion "Epirem" {heavy, rCorr Stlth+}
  6149 | D:7      | Found a shimmering altar of Xom.
  6156 | D:7      | Reached skill level 5 in Invocations
  6205 | D:7      | Found a staircase to the Ecumenical Temple.
  6211 | Temple   | Entered the Ecumenical Temple
  6333 | Temple   | Became a worshipper of Nemelex Xobeh the Trickster
  6556 | D:7      | Found a bloodstained altar of Trog.
  7014 | D:8      | Found an iron altar of Okawaru.
  7026 | D:8      | Reached XP level 10. HP: 44/77 MP: 17/17
  7033 | D:8      | Reached skill level 5 in Short Blades
  7033 | D:8      | Reached skill level 5 in Long Blades
  7033 | D:8      | Reached skill level 5 in Maces & Flails
  7033 | D:8      | Reached skill level 5 in Polearms
  7033 | D:8      | Reached skill level 5 in Staves
  7033 | D:8      | Reached skill level 5 in Ranged Weapons
  7033 | D:8      | Reached skill level 5 in Armour
  7033 | D:8      | Reached skill level 5 in Stealth
  7033 | D:8      | Reached skill level 5 in Shields
  7033 | D:8      | Reached skill level 5 in Unarmed Combat
  7033 | D:8      | Reached skill level 5 in Spellcasting
  7033 | D:8      | Reached skill level 5 in Evocations
  7373 | D:8      | Noticed Gastronok
  7480 | D:8      | Found Regueddy's Jewellery Emporium.
  7644 | D:8      | Noticed Maurice
  7656 | D:8      | Killed Maurice
  7977 | D:8      | Noticed a six-headed hydra
  8083 | D:8      | HP: 3/79 [six-headed hydra (5)]
  8085 | D:7      | Slain by a six-headed hydra

Illustrated notes

Levels and vault maps discovered:
D:1:      wander_arrival_lonely_grave, layout_basic
D:2:      layout_basic, nicolae_half_adder
D:3:      layout_loops_corners, mainiacjoe_overflow_cross_hatched
D:4:      layout_basic, beargit_hepliaklqana_dungeon_heroes,
          nicolae_ossuary_entry_monument, due_unseen_surprise,
          uniq_blork_the_orc, uniq_robin
D:5:      layout_loops_cross
D:6:      layout_loops_ring, minitemple
D:7:      layout_basic, trog_book, led_xom_imps, minmay_temple_entry_arrows
D:8:      nzn_winding_woodlands_stair_cross
          [nzn_winding_woodlands_5x15_split_checker,
          nzn_winding_woodlands_center_garden,
          nzn_winding_woodlands_5x15_longhouse,
          nzn_winding_woodlands_5x5_perimeter,
          nzn_winding_woodlands_5x5_open_star,
          nzn_winding_woodlands_5x15_concentric,
          nzn_winding_woodlands_center_triple_pond,
          nzn_winding_woodlands_5x15_sawtooth], layout_rooms, okawaru_humans,
          serial_shops, nicolae_lakefront_shop, uniq_gastronok, uniq_maurice
Temple:   kb_temple_of_zot

Skill      XL: |  1  2  3  4  5  6  7  8  9 10 |
---------------+-------------------------------+-----
Invocations    | 1 2 3 4 5 6 |  6.0
Short Blades   | 1 2 3 4 5 |  5.4
Long Blades    | 1 2 3 4 5 |  5.4
Maces & Flails | 1 2 3 4 5 |  5.4
Polearms       | 1 2 3 4 5 |  5.4
Staves         | 1 2 3 4 5 |  5.4
Ranged Weapons | 1 2 3 4 5 |  5.4
Armour         | 1 2 3 4 5 |  5.4
Stealth        | 1 2 3 4 5 |  5.4
Shields        | 1 2 3 4 5 |  5.4
Unarmed Combat | 1 2 3 4 5 |  5.4
Spellcasting   | 1 2 3 4 5 |  5.4
Evocations     | 1 2 3 4 5 |  5.4
Shapeshifting  | 1 2 3 4 |  4.9
Conjurations   | 1 2 3 4 |  4.5
Hexes          | 1 2 3 4 |  4.5
Summonings     | 1 2 3 4 |  4.5
Necromancy     | 1 2 3 4 |  4.5
Translocations | 1 2 3 4 |  4.5
Transmutations | 1 2 3 4 |  4.5
Fire Magic     | 1 2 3 4 |  4.5
Ice Magic      | 1 2 3 4 |  4.5
Air Magic      | 1 2 3 4 |  4.5
Earth Magic    | 1 2 3 4 |  4.5
Poison Magic   | 1 2 3 4 |  4.5
Fighting       | 5 6 7 |  7.2
Throwing       | 5 6 7 |  7.2
Axes           | 7 8 |  8.6
Dodging        | 7 8 |  8.6

Action                     |  1- 3 |  4- 6 |  7- 9 | 10-12 || total
---------------------------+-------+-------+-------+-------++-------
  Melee: War axe           |    96 |    56 |   209 |    61 ||   422
         Bite              |     6 |     2 |    14 |     5 ||    27
         Punch             |       |     1 |     7 |     2 ||    10
  Throw: Boomerang         |       |       |    10 |       ||    10
  Evoke: Wand              |       |       |       |     4 ||     4
    Use: Potion            |       |       |       |     4 ||     4
   Stab: Sleeping          |     1 |     4 |    12 |     1 ||    18
         Distracted        |       |       |       |     1 ||     1
 Armour: Leather armour    |    40 |    27 |   103 |    59 ||   229
  Dodge: Dodged            |    78 |    39 |   172 |    91 ||   380

Table legend: (Time is in decaauts)
 A = Elapsed time spent in this place.
 B = Non-inter-level travel time spent in this place.
 C = Inter-level travel time spent in this place.
 D = Time resting spent in this place.
 E = Time spent auto-exploring this place.
 F = Levels seen in this place.
 G = Mean time per level.
                   A        B        C        D        E       F      G
               +--------+--------+--------+--------+--------+-----+--------+
         Total |   8150 |   7843 |    307 |    219 |   5901 |  10 |  815.0 |
       Dungeon |   7519 |   7270 |    249 |    215 |   5589 |   8 |  939.9 |
        Temple |    150 |     92 |     58 |      0 |     88 |   1 |  150.0 |
       Ossuary |    479 |    479 |      0 |      4 |    224 |   1 |  479.0 |
               +--------+--------+--------+--------+--------+-----+--------+

Top non-repeatable levels by time:
     D:7: 1302 daAuts
     D:3: 986 daAuts
     D:1: 967 daAuts
     D:8: 965 daAuts
     D:6: 950 daAuts
     D:5: 845 daAuts
     D:4: 774 daAuts
     D:2: 727 daAuts
 Ossuary: 479 daAuts
  Temple: 150 daAuts

Levels and vault maps discovered:
D:1:      wander_arrival_lonely_grave, layout_basic
D:2:      layout_basic, nicolae_half_adder
D:3:      layout_loops_corners, mainiacjoe_overflow_cross_hatched
D:4:      layout_basic, beargit_hepliaklqana_dungeon_heroes,
          nicolae_ossuary_entry_monument, due_unseen_surprise,
          uniq_blork_the_orc, uniq_robin
D:5:      layout_loops_cross
D:6:      layout_loops_ring, minitemple
D:7:      layout_basic, trog_book, led_xom_imps, minmay_temple_entry_arrows
D:8:      nzn_winding_woodlands_stair_cross
          [nzn_winding_woodlands_5x15_split_checker,
          nzn_winding_woodlands_center_garden,
          nzn_winding_woodlands_5x15_longhouse,
          nzn_winding_woodlands_5x5_perimeter,
          nzn_winding_woodlands_5x5_open_star,
          nzn_winding_woodlands_5x15_concentric,
          nzn_winding_woodlands_center_triple_pond,
          nzn_winding_woodlands_5x15_sawtooth], layout_rooms, okawaru_humans,
          serial_shops, nicolae_lakefront_shop, uniq_gastronok, uniq_maurice
Temple:   kb_temple_of_zot
